 Dungeon Crawl Stone Soup version 0.31-a0-1576-ga3383bade6 (webtiles) character file.

Game seed: 13667721809540550359

68 Warped the Slasher (level 4, -5/35 HPs)
             Began as a Human Fighter on Jan 5, 2024.
             Killed by nerve-wracking pain
             ... invoked by Grinder
              (11 damage)
             ... on level 3 of the Dungeon.
             The game lasted 00:03:19 (1606 turns).

Warped the Slasher (Human Fighter)                  Turns: 1606, Time: 00:03:20

Health: -5/35      AC:  8    Str: 18    XL:     4   Next: 19%
Magic:  4/4        EV: 10    Int: 12    God:
Gold:   151        SH:  4    Dex: 11    Spells: 3/3 levels left

rFire   + . .        a - +0 long sword
rCold   + + .        c - +0 buckler
rNeg    . . .        r - +2 ring mail {rC+}
rPois   +            (helmet restricted)
rElec   +            h - +0 cloak
rCorr   +            (no gloves)
SInv    .            (no boots)
Will    +....        (no amulet)
Stlth   +            (no ring)
HPRegen 0.25/turn    (no ring)
MPRegen 0.09/turn

%: no passive effects
@: resistant, enlightened, flying, hasted, very quick
A: explore regen, claws 1, horns 1, clever 1
a: no special abilities


You were on level 3 of the Dungeon.
You visited 1 branch of the dungeon, and saw 3 of its levels.

You collected 151 gold pieces.

Inventory:

Hand Weapons
 a - a +0 long sword (weapon)
 j - a +1 dagger of draining
 k - a +2 dagger of protection
Armour
 b - a +0 scale mail
 c - a +0 buckler (worn)
 h - a +0 cloak (worn)
 r - a +2 ring mail of cold resistance (worn)
Magical Staves
 i - a staff of earth
Jewellery
 q - a ring of ice
Scrolls
 l - a scroll of enchant armour {unknown}
 n - 3 scrolls of identify {unknown}
 o - a scroll of amnesia {unknown}
 p - a scroll of teleportation {unknown}
Potions
 d - a potion of might


   Skills:
 - Level 3.0 Fighting
 + Level 4.3 Long Blades
 - Level 3.0 Armour
 - Level 3.0 Shields


You had 3 spell levels left.
You didn't know any spells.
Your spell library was empty.

Dungeon Overview and Level Annotations

Branches:
Dungeon (3/15)

Altars:

Annotations:
D:3 Grinder


Innate Abilities, Weirdness & Mutations

You regain HP and MP as you explore.
You have sharp fingernails.
You have a pair of small horns on your head.
Your mind is acute. (Int +4, Str/Dex -1)


Message History

Grinder hits you but does no damage.
You can move again.
Unknown command.
You hit Grinder.
Grinder is moderately wounded.
Grinder says, "Don't move a muscle."
Grinder hits you.
You writhe in agony.
You slash Grinder!
Grinder is heavily wounded.
You closely miss Grinder.
Grinder is heavily wounded.
Grinder hits you.
You writhe in agony.
You hit Grinder but do no damage.
Grinder is heavily wounded.
Grinder closely misses you.
You hit Grinder.
Grinder is severely wounded.
You block Grinder's attack.
You barely miss Grinder.
Grinder is severely wounded.
You closely miss Grinder.
Grinder is severely wounded.
Grinder hits you!
* * * LOW HITPOINT WARNING * * *
It was a potion of mutation.
You feel extremely strange.
Your fingernails lengthen.
A pair of horns grows on your head!
You feel clever. Grinder hits you but does no damage.
You hit Grinder. You headbutt Grinder, but do no damage.
Grinder is severely wounded.
Grinder blinks!
You aren't carrying any items that you can evoke.
It was a potion of enlightenment.
You feel very buoyant.
You fly up into the air.
It was a potion of resistance.
You feel protected. Grinder gestures at you. Pain shoots through your body!
You die...
Grinder sighs, "Dead already?
I want a refund."

#.# #.# #.# ##### #.#
##...## #####.#
#.....#######......
#.............###.. ..
#.....#####.#.# #..
#..##@..# #.#.###..
##......## #....###.
#...###.#######..#.....
#.....##.##.........####
........5...####.####
#....g##.#### #.# ##...
#.# #.# ##. #.# #.# #
#.# #.#


You could see Grinder.

Vanquished Creatures
  A gnoll (D:1)
  2 adders (D:2)
  A ribbon worm (D:2)
  An endoplasm (D:1)
  A giant cockroach (D:1)
  A goblin (D:1)
  6 hobgoblins
  3 jackals (D:2)
  5 quokkas
  2 ball pythons
  3 bats (D:2)
  3 frilled lizards
  3 kobolds
  5 rats
37 creatures vanquished.

Notes
Turn   | Place    | Note
-------+----------+-------------------------------------------
     0 | D:1      | Warped the Human Fighter began the quest for the Orb.
     0 | D:1      | Reached XP level 1. HP: 18/18 MP: 1/1
    38 | D:1      | Reached XP level 2. HP: 9/24 MP: 2/2
   132 | D:1      | Reached skill level 3 in Long Blades
   717 | D:2      | Reached XP level 3. HP: 29/29 MP: 3/3
  1012 | D:2      | Reached skill level 4 in Long Blades
  1243 | D:2      | Reached XP level 4. HP: 21/35 MP: 4/4
  1562 | D:3      | Noticed Grinder
  1573 | D:3      | Paralysed by Grinder for 2 turns
  1585 | D:3      | Paralysed by Grinder for 3 turns
  1592 | D:3      | Paralysed by Grinder for 3 turns
  1603 | D:3      | Gained mutation: You have sharp fingernails. [potion of
                  | mutation]
  1603 | D:3      | Gained mutation: You have a pair of small horns on your
                  | head. [potion of mutation]
  1603 | D:3      | Gained mutation: Your mind is acute. (Int +4, Str/Dex -1)
                  | [potion of mutation]
  1606 | D:3      | Killed from afar by Grinder

Illustrated notes

Levels and vault maps discovered:
D:1:      lightli_arrival_quake, layout_basic, nicolae_grassy_gnolls
D:2:      layout_loops_ring
D:3:      layout_loops_ring, lemuel_flame_loot_1, uniq_terence, uniq_sigmund,
          uniq_grinder

Skill      XL: |  1  2  3 |
---------------+----------+-----
Long Blades    | 3 4 |  4.3
Fighting       | |  3.0
Armour         | |  3.0
Shields        | |  3.0

Action                     |  1- 3 |  4- 6 || total
---------------------------+-------+-------++-------
  Melee: Long sword        |    94 |    35 ||   129
         Headbutt          |       |     1 ||     1
    Use: Potion            |       |     6 ||     6
 Armour: Scale mail        |    64 |     1 ||    65
         Ring mail         |       |    13 ||    13
  Dodge: Dodged            |    47 |    17 ||    64
  Block: Buckler           |    23 |     9 ||    32

Table legend: (Time is in decaauts)
 A = Elapsed time spent in this place.
 B = Non-inter-level travel time spent in this place.
 C = Inter-level travel time spent in this place.
 D = Time resting spent in this place.
 E = Time spent auto-exploring this place.
 F = Levels seen in this place.
 G = Mean time per level.
                   A        B        C        D        E       F      G
               +--------+--------+--------+--------+--------+-----+--------+
         Total |   1631 |   1529 |    102 |      0 |   1178 |   3 |  543.7 |
       Dungeon |   1631 |   1529 |    102 |      0 |   1178 |   3 |  543.7 |
               +--------+--------+--------+--------+--------+-----+--------+

Top non-repeatable levels by time:
     D:2: 766 daAuts
     D:1: 718 daAuts
     D:3: 146 daAuts
